 Dungeon Crawl Stone Soup version 0.27-a0-1347-gd8886f0a89 (webtiles) character file.

Game seed: 17210069131755808519

161 freelancePsychic the Charlatan (level 5, 0/55 HPs)
             Began as a Demonspawn Artificer on June 28, 2021.
             Slain by a gnoll (4 damage)
             ... on level 3 of the Dungeon.
             The game lasted 00:06:11 (4031 turns).

freelancePsychic the Charlatan (DsAr)               Turns: 4031, Time: 00:06:11

Health: 0/55       AC: 22    Str: 13    XL:     5   Next: 19%
Magic:  5/5        EV:  2    Int: 13    God:
Gold:   169        SH:  0    Dex: 13    Spells: 4/4 levels left

rFire    . . .     SeeInvis .   g - +1 spear
rCold    + . .     Faith    .   (no shield)
rNeg     + + +     Spirit   .   (armour currently unavailable)
rPois    +         Reflect  .   (helmet currently unavailable)
rElec    .         Harm     .   (cloak currently unavailable)
rCorr    .         Rampage  .   (gloves currently unavailable)
Will     .....     NoTele   +   (boots currently unavailable)
Stlth    ++........             (no amulet)
HPRegen  0.18/turn              h - ring of protection from cold
MPRegen  0.09/turn              (no ring)

@: tree-form, attractive
A: stationary, stasis, torment immunity, boosted hp, (antennae 1), ignite blood
1, (sturdy frame 1)
a: no special abilities


You were on level 3 of the Dungeon.
You were a tree.
You visited 1 branch of the dungeon, and saw 4 of its levels.

You collected 169 gold pieces.

Inventory:

Hand Weapons
 g - a +1 spear (weapon)
Armour
 b - a +0 leather armour (melded)
 o - a +0 cloak (melded)
Jewellery
 h - a ring of protection from cold (left branch)
Wands
 c - a wand of flame (3)
 d - a wand of charming (15)
 i - a wand of paralysis (6)
Scrolls
 j - a scroll of teleportation {@r4}
 l - a scroll of torment
 m - a scroll of fog {unknown}
 n - a scroll of enchant armour {unknown}
 p - a scroll of magic mapping {unknown}
Potions
 k - a potion of brilliance {unknown}
Miscellaneous
 e - a piece from Xom's chessboard (12/15) (quivered)


   Skills:
 - Level 1.0 Fighting
 - Level 3.0 Polearms
 - Level 1.7 Armour
 + Level 2.3 Dodging
 - Level 0.8 Stealth
 + Level 0.3 Conjurations
 + Level 3.9 Evocations


You had 4 spell levels left.
You didn't know any spells.
Your spell library contained the following spells:

 Spells                   Type           Power      Damage    Failure   Level
 Corona                   Hex            0%         N/A       30%         1
 Summon Small Mammal      Summ           0%         N/A       30%         1
 Call Imp                 Summ           0%         N/A       43%         2
 Ensorcelled Hibernation  Hex/Ice        0%         N/A       43%         2
 Dazzling Flash           Conj/Hex       0%         N/A       65%         3
 Call Canine Familiar     Summ           0%         N/A       67%         3
 Confusing Touch          Hex            0%         N/A       67%         3
 Summon Guardian Golem    Hex/Summ       0%         N/A       67%         3
 Tukima's Dance           Hex            0%         N/A       67%         3
 Summon Ice Beast         Ice/Summ       0%         N/A       97%         4
 Summon Lightning Spire   Summ/Air       0%         N/A       97%         4


Dungeon Overview and Level Annotations

Branches:
Dungeon (4/15)
 Temple: D:4-7

Altars:

Shops:
D:1 [


Innate Abilities, Weirdness & Mutations

You are a tree.
Your roots penetrate the ground, keeping you stationary.
You cannot be teleported.
You are immune to unholy pain and torment.
Your maximum health is greatly increased.
Your equipment is partially melded.
((You have a pair of small antennae on your head.))
Your demonic aura sometimes causes spilled blood to erupt in flames.
((Your movements are slightly less encumbered by armour. (ER -2)))


Message History

Press: ? - help, Q - select action, (/) - cycle Dir - look around, f - activate You make a move on Xom's chessboard...
The gnoll struggles to resist.
The gnoll hits you with a +0 club.
* * * LOW HITPOINT WARNING * * *
The gnoll hits you with a +0 club.
* * * LOW HITPOINT WARNING * * *
Okay, then.
It was a potion of attraction.
You feel attractive to monsters. The gnoll hits you with a +0 club.
* * * LOW HITPOINT WARNING * * *
It was a potion of lignification.
You turn into a tree.
Your +0 cloak melds into your body.
Your +0 leather armour melds into your body.
Your roots penetrate the ground.
The gnoll hits you but does no damage.
You hit the gnoll but do no damage.
The gnoll is moderately wounded.
The gnoll hits you but does no damage.
You hit the gnoll but do no damage.
The gnoll is moderately wounded.
The gnoll hits you with a +0 club.
* * * LOW HITPOINT WARNING * * *
You hit the gnoll.
The gnoll is heavily wounded.
The gnoll hits you but does no damage.
You closely miss the gnoll.
The gnoll is heavily wounded.
You hit the gnoll but do no damage.
The gnoll is heavily wounded.
The gnoll hits you but does no damage.
You hit the gnoll but do no damage.
The gnoll is heavily wounded.
The gnoll barely misses you.
You hit the gnoll but do no damage.
The gnoll is heavily wounded.
The gnoll hits you but does no damage.
You hit the gnoll but do no damage.
The gnoll is heavily wounded.
The gnoll hits you with a +0 club.
You die...

......## # #.#####...+<....######
#####..###.#.#..<#..##[....######
.................).........+.....
######.###.#...............#.####
#..##.#####...........#.#
##.##.................#.#
#..#######....####+#.#.# # ##.#
#....#....#.#.# # #.##
#♣...#.####.#.####
#..######g.....####.#...#≈
##.##.............#....##≈
#..#.#........##.######≈≈ ####
##.#.#.........#..## #≈≈ ...#
#...#....#.#..#...# #≈# ...#
###).#....#.#..#.#≈# ##≈# ...#
#....###..#.#..#.#≈# #≈≈# ...#
#.........#.#...##≈# #≈≈#


You could see a gnoll.

Vanquished Creatures
  Jessica (D:3)
  A gnoll (D:3)
  4 adders
  A worm (D:2)
  4 dart slugs
  An orc (D:3)
  6 ball pythons
  5 endoplasms
  2 giant cockroaches
  9 goblins
  4 hobgoblins
  8 jackals
  3 quokkas (D:1)
  8 bats
  3 frilled lizards
  7 kobolds
  10 rats
77 creatures vanquished.

Vanquished Creatures (others)
  30 plants (D:2)
30 creatures vanquished.

Grand Total: 107 creatures vanquished

Notes
Turn   | Place    | Note
-------+----------+-------------------------------------------
     0 | D:1      | freelancePsychic the Demonspawn Artificer began the quest
                  | for the Orb.
     0 | D:1      | Reached XP level 1. HP: 15/15 MP: 1/1
    29 | D:1      | Found a faded altar of an unknown god.
    46 | D:1      | Reached skill level 1 in Dodging
   352 | D:1      | Reached skill level 1 in Polearms
   352 | D:1      | Gained mutation: Your movements are slightly less
                  | encumbered by armour. (ER -2) [demonic ancestry]
   352 | D:1      | Reached XP level 2. HP: 19/21 MP: 2/2
   577 | D:1      | Found Sezeu's Armour Shoppe.
   978 | D:1      | Reached XP level 3. HP: 26/26 MP: 3/3
  2609 | D:2      | Gained mutation: Your demonic aura sometimes causes spilled
                  | blood to erupt in flames. [demonic ancestry]
  2609 | D:2      | Reached XP level 4. HP: 28/32 MP: 4/4
  2950 | D:3      | Noticed Jessica
  3202 | D:3      | Killed Jessica
  3264 | D:3      | Gained mutation: You have a pair of small antennae on your
                  | head. [demonic ancestry]
  3264 | D:3      | Reached XP level 5. HP: 37/37 MP: 5/5
  3846 | D:4      | Noticed a sky beast
  4031 | D:3      | Slain by a gnoll

Illustrated notes

Levels and vault maps discovered:
D:1:      scummos_arrival_simple_crosswalls, layout_basic, serial_shops,
          nicolae_shop_competitors_out_of_business,
          ebering_ecumenical_altar_rust
D:2:      layout_rooms, serial_bayou, serial_bayou_lake_a,
          serial_bayou_lagoon_a, serial_bayou_shore_b, serial_bayou_crossing,
          minmay_cupped
D:3:      layout_basic, chequers_serial_rivers_large_b, nrook_mini_vaults,
          uniq_jessica
D:4:      minmay_door_path, layout_cave_pools, minmay_misc_feat_square,
          uniq_edmund

Skill      XL: |  1  2  3  4  5 |
---------------+----------------+-----
Dodging        | 1 2 |  2.3
Polearms       | 1 2 3 |  3.0
Fighting       | |  1.0
Armour         | |  1.7
Stealth        | |  0.8
Conjurations   | |  0.3
Evocations     | |  3.9

Action                   |  1- 3 |  4- 6 || total
-------------------------+-------+-------++-------
Melee: Spear             |   136 |   120 ||   256
Evoke: Wand              |     8 |     4 ||    12
       Piece from Xom's  |       |     3 ||     3
  Use: Scroll            |     2 |     5 ||     7
       Potion            |       |     2 ||     2
 Stab: Sleeping          |     7 |     3 ||    10
Armor: Leather armour    |    16 |    19 ||    35
       Skin              |       |     5 ||     5
Dodge: Dodged            |    49 |    60 ||   109

Table legend: (Time is in decaauts)
 A = Elapsed time spent in this place.
 B = Non-inter-level travel time spent in this place.
 C = Inter-level travel time spent in this place.
 D = Time resting spent in this place.
 E = Time spent auto-exploring this place.
 F = Levels seen in this place.
 G = Mean time per level.
                   A        B        C        D        E       F      G
               +--------+--------+--------+--------+--------+-----+--------+
         Total |   4129 |   4026 |    103 |    590 |   2725 |   4 | 1032.2 |
       Dungeon |   4129 |   4026 |    103 |    590 |   2725 |   4 | 1032.2 |
               +--------+--------+--------+--------+--------+-----+--------+

Top non-repeatable levels by time:
     D:1: 1827 daAuts
     D:2: 1432 daAuts
     D:3: 862 daAuts
     D:4: 7 daAuts
